[Event "*** Titled Tuesday Blitz"]
[Site "Chess.com"]
[Date "2019.03.05"]
[Round "8"]
[White "severomorskij"]
[Black "wonderfultime"]
[Result "0-1"]
[WhiteElo "2708"]
[BlackElo "2909"]
[TimeControl "180+2"]
[EndTime "14:57:53 PST"]
[Termination "wonderfultime won on time"]

1. d4 Nf6 2. Bg5 e6 3. e4 h6 4. Bxf6 Qxf6 5. c3 d6 6. Bd3 g6 7. Ne2 Bg7 8. O-O O-O 9. f4 Nd7 10. Nd2 a6 11. Nf3 b6 12. e5 Qe7 13. Be4 Rb8 14.
g4 Rd8 15. Qe1 c5 16. Ng3 cxd4 17. cxd4 dxe5 18. fxe5 b5 19. h4 Nb6 20. h5 g5 21. Rc1 Bb7 22. Bxb7 Rxb7 23. Ne4 Nd5 24. Kh2 Rc7 25. Qf2 Rdc8 26. Qd2 Qb4 27. Qxb4 Nxb4 28. Rxc7 Rxc7 29. Nc5 Nxa2 30. Ra1 Nb4 31. Kg3 Nc2 32. Rxa6 Nxd4 33. Ra8+ Kh7 34. Nd3 Rd7 35. Nde1 Nc6 36. Ra6 Nxe5 37. Ra5 Rb7 38. b3 Nc6 39. Ra6 Nb4 40. Ra8 Nd5 41. Nd3 Rc7 42. Nde5 Nf4 43. Rb8 Rc2 0-1

[Event "*** Titled Tuesday Blitz"]
[Site "Chess.com"]
[Date "2019.03.05"]
[Round "8"]
[White "SerGo055"]
[Black "Arystanner"]
[Result "0-1"]
[WhiteElo "2494"]
[BlackElo "2655"]
[TimeControl "180+2"]
[EndTime "14:57:54 PST"]
[Termination "Arystanner won by checkmate"]

1. d4 Nf6 2. Nf3 e6 3. c4 d5 4. Nc3 dxc4 5. e4 b5 6. e5 Nd5 7.
Nxb5 Nb6 8. Be2 Nc6 9. O-O Be7 10. a4 a5 11. Na3 Ba6 12. Be3 O-O 13. Qc2 Nb4 14. Qe4 Qd5 15. Qg4 f5 16. exf6 Bxf6 17. Rfd1 c3 18. Bxa6 cxb2 19. Rab1 Rxa6 20. Rxb2 Nxa4 21.
Rbb1 Nc3 22. Nd2 Nxd1 23. Rxd1 Rc6 24. Ne4 Qf5 25. Nxf6+ Rxf6 26. Qe2 Nc2 27. Nc4 Qb5 28.
Qxc2 Qxc4 29. Qb1 h6 30. Qb8+ Kh7 31. h3 Rb6 32. Qd8 Rd6 33. Qe7 Rc6 34. Rc1 Qd5 35. Rb1 Rg6 36. g3 Rc3 37. Re1 a4 38. h4 a3 39. Bd2 Rcxg3+ 40. fxg3 Rxg3+ 41. Kf2 Qg2# 0-1

[Event "*** Titled Tuesday Blitz"]
[Site "Chess.com"]
[Date "2019.03.05"]
[Round "8"]
[White "SF-96"]
[Black "NemtsevIgor"]
[Result "1-0"]
[WhiteElo "2567"]
[BlackElo "2345"]
[TimeControl "180+2"]
[EndTime "14:57:58 PST"]
[Termination "SF-96 won by resignation"]

1. e4 c6 2. d4 d5 3. e5 c5 4.
Nf3 Nc6 5. c4 e6 6. cxd5 exd5 7.
Nc3 Be6 8. Bg5 Qb6 9. Na4 Qa5+ 10. Bd2 Qc7 11. Nxc5 Bxc5 12. dxc5 Nxe5 13. Bb5+ Nc6 14.
Bc3 Nf6 15. O-O Ne4 16. Be5 Qa5 17. Nd4 O-O 18. Bxc6 bxc6 19. Nxc6 Qxc5 20. Rc1 Qb6 21. Ne7+ Kh8 22. Nxd5 Qb5 23. f3 Qxd5 24. Qxd5 Bxd5 25. fxe4 Bxe4 26. Rc7 f6 27. Bd4 a6 28. Re1 Rfe8 29. b4 Bd5 30. Rxe8+ Rxe8 31. a4 Bb3 32. b5 axb5 33. axb5 Re1+ 34. Kf2 h5 35.
Kxe1 1-0

[Event "*** Titled Tuesday Blitz"]
[Site "Chess.com"]
[Date "2019.03.05"]
[Round "8"]
[White "mishanick"]
[Black "wenx95"]
[Result "1-0"]
[WhiteElo "2983"]
[BlackElo "2527"]
[TimeControl "180+2"]
[EndTime "14:57:59 PST"]
[Termination "mishanick won by resignation"]

1. d4 g6 2. c4 Bg7 3. Nc3 c5 4. d5 Bxc3+ 5. bxc3 f5 6. e4 fxe4 7. f3 e6 8. dxe6 Nc6 9. Be3 d6 10. fxe4 Qh4+ 11. Kd2 Nf6 12. Bd3 Bxe6 13. Nf3 Nxe4+ 14. Kc2 Qg4 15. Qe2 Bf5 16. h3 Qg3 17. Nd2 Qe5 18.
Bxe4 Bxe4+ 19. Kb2 O-O-O 20. Rhe1 Bf5 21. Qf3 Nb4 22.
Re2 Nd3+ 23. Kb3 Qg7 24. g4 Qc7 25. gxf5 Qb6+ 26. Kc2 Ne5 27. Qd5 gxf5 28. Bf4 Nc6 29. Nb3 Kb8 30. Bxd6+ Ka8 31. Qxc5 Qa6 32. Bf4 Rc8 33.
Qb5 Qa3 34. Qc5 Qa4 35. Kb2 Rhe8 36. Rae1 Red8 37. Qb5 Qxb5 38. cxb5 1-0

[Event "*** Titled Tuesday Blitz"]
[Site "Chess.com"]
[Date "2019.03.05"]
[Round "8"]
[White "andrzej"]
[Black "ALEXJR20"]
[Result "0-1"]
[WhiteElo "2290"]
[BlackElo "2187"]
[TimeControl "180+2"]
[EndTime "14:58:00 PST"]
[Termination "ALEXJR20 won by resignation"]

1. d4 d5 2. c4 c6 3. cxd5 cxd5 4. Bf4 Nf6 5. e3 Nc6 6. Nc3 a6 7. Bd3 Bg4 8. Qb3 Na5 9. Qa4+ b5 10. Qc2 e6 11. Nge2 Bd6 12. O-O Rc8 13. f3 Bh5 14. a3 O-O 15. Rad1 Nc4 16. Bxc4 bxc4 17.
Qa4 Bxf4 18. Nxf4 Qb6 19. Rd2 Bg6 20. Nxg6 hxg6 21. Re1 Rfd8 22. Qd1 Qa5 23. Qe2 Rb8 24. e4 Rb3 25. Qf2 Rdb8 26. h4 Qb6 27. Ree2 Qc6 28.
e5 Nd7 29. f4 Nb6 30. g4 Na4 31.
Nxa4 Qxa4 32. f5 gxf5 33. gxf5 c3 34. bxc3 Rxc3 35. Re3 Rbb3 36. Rxc3 Rxc3 37. fxe6 fxe6 38. Rb2 Qd1+ 39. Kg2 Qg4+ 40. Qg3 Qxg3+ 0-1

[Event "*** Titled Tuesday Blitz"]
[Site "Chess.com"]
[Date "2019.03.05"]
[Round "8"]
[White "diskeleven"]
[Black "ChessicallyInclined"]
[Result "0-1"]
[WhiteElo "2274"]
[BlackElo "2404"]
[TimeControl "180+2"]
[EndTime "14:58:01 PST"]
[Termination "ChessicallyInclined won by checkmate"]

1. d4 d5 2. c4 e6 3. Nc3 Nf6 4. Bg5 Be7 5. e3 Nbd7 6. Nf3 h6 7.
Bh4 O-O 8. Rc1 c5 9. cxd5 Nxd5 10. Bxe7 Nxe7 11. Bd3 b6 12. O-O Bb7 13. Re1 cxd4 14.
exd4 Nf6 15. Ne5 Ned5 16. Ne2 Rc8 17. Qd2 Rxc1 18. Rxc1 Qe7 19. a3 Rd8 20. Re1 Qe8 21. Qc2 Rc8 22. Qb3 Rd8 23. Bb5 Qe7 24. Bc6 Rc8 25.
Bb5 a6 26. Bd3 Qc7 27. h4 Qb8 28. Bb1 Ne7 29. Qh3 Qd6 30. Rd1 Be4 31. Ba2 Nf5 32. Nc4 Qe7 33. g4 Nd6 34. Ne5 Rc2 35. Nf4 Rxb2 36. Bxe6 fxe6 37. g5 hxg5 38. hxg5 Nd5 39. g6 Qg5+ 40. Kf1 Bxg6 41. Nfxg6 Rxf2+ 42. Kxf2 Ne4+ 43. Kf3 Qe3+ 44. Kg4 Nf2+ 45. Kh4 Qxh3+ 46. Kg5 Ne4# 0-1

[Event "*** Titled Tuesday Blitz"]
[Site "Chess.com"]
[Date "2019.03.05"]
[Round "8"]
[White "Alexander_Moskalenko"]
[Black "Genghis_K"]
[Result "1/2-1/2"]
[WhiteElo "2775"]
[BlackElo "2848"]
[TimeControl "180+2"]
[EndTime "14:58:02 PST"]
[Termination "Game drawn by repetition"]

1. e4 c5 2. Nf3 d6 3. d4 cxd4 4. Nxd4 Nf6 5. Nc3 a6 6. Bc4 e6 7. Bb3 Nbd7 8. O-O Nc5 9. Bg5 Be7 10. Re1 O-O 11. Qd2 Nfxe4 12. Bxe7 Nxd2 13. Bxd8 Rxd8 14. f4 Bd7 15. Rad1 Ndxb3 16. axb3 g6 17. Rd2 b5 18. b4 Nb7 19. Ne4 d5 20. Nf2 Nd6 21. c3 a5 22. bxa5 Rxa5 23. g4 Rda8 24. Nd3 Ne4 25.
Rde2 Ra1 26. Ne5 Be8 27. g5 R8a2 28. Rxa1 Rxa1+ 29. Kg2 Rd1 30. Ng4 Kg7 31. Nf2 Nxf2 32. Rxf2 b4 33. h4 bxc3 34. bxc3 h6 35. Rb2 hxg5 36.
hxg5 Rd3 37. Rb7 Rxc3 38. Nxe6+ Kg8 39. Rb8 fxe6 40. Rxe8+ Kf7 41. Rd8 Rc7 42. Kf3 Ke7 43. Rg8 Kf7 44. Rd8 Ra7 45. Ke3 Rb7 46. Kf3 Rc7 47.
Ke3 Rc3+ 48. Ke2 Rc7 49. Ke3 Ra7 50. Kf3 Rb7 51. Ke3 Rc7 52. Kf3 1/2-1/2

[Event "*** Titled Tuesday Blitz"]
[Site "Chess.com"]
[Date "2019.03.05"]
[Round "8"]
[White "j2806"]
[Black "Vadim_Biliy"]
[Result "0-1"]
[WhiteElo "1791"]
[BlackElo "2130"]
[TimeControl "180+2"]
[EndTime "14:58:03 PST"]
[Termination "Vadim_Biliy won by checkmate"]

1. e4 d6 2. d4 Nf6 3. Nc3 g6 4. Be3 c6 5. f3 b5 6. Qd2 Nbd7 7.
O-O-O Nb6 8. d5 b4 9. Nce2 cxd5 10. exd5 Nbxd5 11. Nf4 Nxe3 12. Qxe3 Qa5 13. Kb1 Qb6 14.
Qxb6 axb6 15. Bb5+ Bd7 16. Bxd7+ Nxd7 17. Nd5 Kd8 18.
Nxb4 e6 19. Ne2 Kc7 20. Nd4 d5 21. Nd3 Bg7 22. Nb3 Ra4 23. a3 Rha8 24. c3 Kc6 25.
Nb4+ Kb7 26. Kc2 Nc5 27. Nxc5+ bxc5 28. Nd3 c4 29. Nc5+ Kc6 30. Nxa4 Rxa4 31. Rhe1 e5 32. Rd2 Kc5 33. Rde2 f6 34. f4 e4 35. g3 f5 36.
Rd1 Ra5 37. Re3 d4 38. cxd4+ Bxd4 39. Re2 Rb5 40. Rb1 Rb3 41. Rd2 e3 42. Re2 Kd5 43.
Kd1 Ke4 44. Ke1 c3 45. bxc3 Rxb1# 0-1

[Event "*** Titled Tuesday Blitz"]
[Site "Chess.com"]
[Date "2019.03.05"]
[Round "8"]
[White "Bad4life"]
[Black "Andrew-FB00"]
[Result "1-0"]
[WhiteElo "2467"]
[BlackElo "1851"]
[TimeControl "180+2"]
[EndTime "14:58:04 PST"]
[Termination "Bad4life won by resignation"]

1. e4 e5 2. Nf3 Nc6 3. Bc4 Bc5 4. O-O Nf6 5. d3 d6 6. a4 a6 7. c3 Bg4 8. h3 Bh5 9. Re1 h6 10.
Ra2 O-O 11. Nbd2 Qd7 12. Nf1 Bg6 13. b4 Ba7 14. Be3 Bxe3 15. fxe3 Ne7 16. Rf2 c6 17. Bb3 Bh5 18. Ng3 Bxf3 19. Qxf3 b5 20. Ref1 d5 21. exd5 Nfxd5 22. Ne4 Kh8 23. Nc5 Qd6 24. Qh5 f6 25. Ne4 Qc7 26. a5 Nxe3 27. Rxf6 Rxf6 28. Rxf6 N7d5 29. Rf7 Qd8 30. c4 bxc4 31.
dxc4 Ne7 32. Qxe5 N7f5 33. Ng3 Qd4 34. Qxd4 Nxd4 35. Ba4 Nxc4 36. Nh5 g5 37. Nf6 Ra7 38. Rxa7 1-0

[Event "*** Titled Tuesday Blitz"]
[Site "Chess.com"]
[Date "2019.03.05"]
[Round "8"]
[White "FearNoEvil12"]
[Black "INLOVEWITHF"]
[Result "1-0"]
[WhiteElo "1951"]
[BlackElo "2270"]
[TimeControl "180+2"]
[EndTime "14:58:04 PST"]
[Termination "FearNoEvil12 won by resignation"]

1. e4 c5 2. Nc3 d6 3. f4 a6 4. a4 f5 5. Bc4 e6 6. d3 Nf6 7. Bb3 Nc6 8. Nf3 Nd4 9. Ba2 Be7 10. O-O O-O 11. exf5 Nxf5 12. Qe1 d5 13. Ne5 Qc7 14.
Ne2 b6 15. Ng3 Nd6 16. c3 Bb7 17. Qe2 b5 18. Bd2 c4 19. d4 g6 20. Rae1 h5 21. Nxg6 Nfe4 22. Bb1 Rf6 23. Nxe4 dxe4 24. Qxh5 Kg7 25. f5 Nxf5 26. Rxf5 Rxg6 27. Rf2 Rh8 28. Rf7+ Kxf7 29. Qxh8 Bf6 30. Rf1 Ke7 31. Bg5 Rxg5 32.
Qxf6+ Kd6 33. Qxg5 Qh7 34. Qc5+ Kd7 35. Qb6 Bd5 36.
Qa7+ 1-0

[Event "*** Titled Tuesday Blitz"]
[Site "Chess.com"]
[Date "2019.03.05"]
[Round "8"]
[White "payto1"]
[Black "Siemba"]
[Result "0-1"]
[WhiteElo "2205"]
[BlackElo "2124"]
[TimeControl "180+2"]
[EndTime "14:58:06 PST"]
[Termination "Siemba won by checkmate"]

1. d4 Nf6 2. Bg5 Ne4 3. Bf4 c5 4. f3 Nf6 5. d5 Qb6 6. Bc1 e6 7. e4 exd5 8. exd5 Bd6 9. c4 O-O 10. Bd3 Re8+ 11. Ne2 Qc7 12. Bg5 Be5 13. Nbc3 h6 14. Bh4 d6 15. Qd2 a6 16. O-O b5 17. f4 Bd4+ 18. Nxd4 cxd4 19. Bxf6 dxc3 20. Bxc3 bxc4 21. Bc2 Qc5+ 22. Kh1 Bb7 23. Ba4 Rf8 24. Rad1 a5 25. f5 f6 26. Rf3 Na6 27. Rg3 Kh7 28. Re1 Bxd5 29. Re7 Rf7 30. Bxf6 Rxe7 31. Bxe7 Qb4 32.
Qxb4 Nxb4 33. f6 g5 34. a3 Nd3 35. Bc2 Kg6 36. h4 Be4 37. hxg5 hxg5 38. b3 Nf2+ 39. Kg1 Bxc2 40. Kxf2 cxb3 41. f7 Kxf7 42. Bxd6 b2 43. Rf3+ Kg6 44. Be5 b1=Q 45. Rf6+ Kh5 46. g4+ Kxg4 47. Rf3 Qb6+ 48. Kg2 Be4 49. Kh2 Bxf3 50.
Bd4 Rh8+ 51. Kg1 Qxd4+ 52. Kf1 Rh1# 0-1

[Event "*** Titled Tuesday Blitz"]
[Site "Chess.com"]
[Date "2019.03.05"]
[Round "8"]
[White "LLRChess"]
[Black "RegZryt"]
[Result "0-1"]
[WhiteElo "2345"]
[BlackElo "2459"]
[TimeControl "180+2"]
[EndTime "14:58:07 PST"]
[Termination "RegZryt won by checkmate"]

1. f4 e6 2. Nf3 b6 3. g3 Bb7 4.
Bg2 h5 5. O-O Be7 6. d3 h4 7.
Nxh4 Bxg2 8. Nxg2 Nf6 9. e4 d5 10. e5 Nfd7 11. d4 g6 12. Ne3 c5 13. c3 Nc6 14.
Na3 a6 15. Nac2 Qc7 16. Qd3 b5 17. a4 c4 18. Qe2 b4 19. cxb4 Bxb4 20. Bd2 Rb8 21.
Nxb4 Nxb4 22. Rfc1 Nc6 23. Bc3 Nb6 24. b3 cxb3 25.
Bb2 Qb7 26. Rc5 Nd7 27. Rcc1 Nb4 28. Ba3 O-O 29. Rab1 Nc6 30. Qd3 Rfc8 31. Bd6 Ra8 32. Rxb3 Qa7 33. Rbc3 Qb6 34. Qc2 Qxd4 35. Kg2 Na7 36.
Qb3 Rxc3 37. Rxc3 Qe4+ 38. Kh3 d4 39. Rc7 dxe3 40. Rxd7 e2 41. Rxa7 e1=Q 42. Rxa8+ Qxa8 43. Qb6 Qf1+ 44. Kh4 Qaf3 45. Kg5 Qa8 46. Kf6 Qh3 47. Qc7 Qe8 48. Qb7 Qf5# 0-1

[Event "*** Titled Tuesday Blitz"]
[Site "Chess.com"]
[Date "2019.03.05"]
[Round "8"]
[White "ShadyH9"]
[Black "NateSolon"]
[Result "0-1"]
[WhiteElo "2300"]
[BlackElo "2534"]
[TimeControl "180+2"]
[EndTime "14:58:09 PST"]
[Termination "NateSolon won by resignation"]

1. d4 d5 2. Nf3 Nf6 3. e3 c5 4. c3 e6 5. Nbd2 Nc6 6. Bd3 Bd6 7. O-O O-O 8. dxc5 Bxc5 9. b4 Bd6 10. a3 Qc7 11. Re1 Ne5 12. Qc2 Nxd3 13. Qxd3 b6 14. Bb2 Bb7 15. c4 Qe7 16. cxd5 Nxd5 17. Ne4 Rad8 18. Nxd6 Qxd6 19. Ng5 f5 20. Qd4 Nf6 21.
Qxd6 Rxd6 22. Red1 Rfd8 23. Rxd6 Rxd6 24. Be5 Rc6 25.
Rd1 Nd5 26. h3 h6 27. Nf3 Kf7 28. Nd4 Rc4 29. Nb5 Kg6 30. Nd6 Rc7 31. Nxb7 Rxb7 32.
Rc1 Rd7 33. Kf1 Kf7 34. b5 g5 35. Ke2 f4 36. Rc6 Kg6 37. a4 Kf5 38. Rc8 Kxe5 0-1

[Event "*** Titled Tuesday Blitz"]
[Site "Chess.com"]
[Date "2019.03.05"]
[Round "8"]
[White "Ar4uha"]
[Black "kuli4ik"]
[Result "1-0"]
[WhiteElo "2499"]
[BlackElo "2763"]
[TimeControl "180+2"]
[EndTime "14:58:10 PST"]
[Termination "Ar4uha won on time"]

1. e4 e6 2. d4 d5 3. Bd3 dxe4 4. Bxe4 Nf6 5. Bf3 Nbd7 6. Nc3 Bd6 7. Bg5 h6 8. Bh4 O-O 9. Qd2 e5 10. O-O-O Re8 11.
dxe5 Nxe5 12. Bd5 Bf5 13. Nge2 Bh7 14. Kb1 Rb8 15. Bb3 b5 16. Nd5 Ne4 17. Bxd8 Nxd2+ 18. Rxd2 Rbxd8 19. a4 bxa4 20. Bxa4 Nc4 21. Bxe8 Nxd2+ 22. Kc1 Ne4 23. Bc6 Nxf2 24. Rf1 Ng4 25. h3 Ne5 26. Ba4 Rb8 27. Nd4 Bc5 28. Nf5 Bb6 29. Bb3 Kh8 30. Nfe7 f6 31. Nxb6 axb6 32. Rd1 Ra8 33. Nd5 Ra1+ 34.
Kd2 Rxd1+ 35. Kxd1 Be4 36. Ne3 g5 37. Be6 Kg7 38. Kd2 1-0

[Event "*** Titled Tuesday Blitz"]
[Site "Chess.com"]
[Date "2019.03.05"]
[Round "8"]
[White "Kimster98"]
[Black "Mikhail_Golubev"]
[Result "1-0"]
[WhiteElo "2610"]
[BlackElo "2454"]
[TimeControl "180+2"]
[EndTime "14:58:11 PST"]
[Termination "Kimster98 won on time"]

1. Nf3 d6 2. d4 Nf6 3. c4 g6 4.
g3 Bg7 5. Bg2 O-O 6. O-O Nbd7 7.
Nc3 e5 8. e4 exd4 9. Nxd4 Re8 10. h3 Nc5 11. Re1 a6 12. b4 Ne6 13. Be3 Nxd4 14. Bxd4 Be6 15. Nd5 c6 16. Bb6 Qd7 17.
Nc7 Bxc4 18. Nxa8 Rxa8 19. Bd4 Re8 20. e5 Nd5 21. f4 Nxb4 22. Qd2 Nd3 23. Re4 dxe5 24.
fxe5 Nc5 25. Rh4 Bxe5 26. Qc3 Bd5 27. Qxc5 Bxg3 28. Rg4 Bd6 29. Qc2 Bxg2 30. Qxg2 c5 31. Bc3 f5 32. Rxg6+ hxg6 33. Qxg6+ Kf8 34. Qh6+ Kg8 35.
Qg6+ Kf8 36. Qh6+ Kg8 37. Qh8+ Kf7 38. Qf6+ 1-0

[Event "*** Titled Tuesday Blitz"]
[Site "Chess.com"]
[Date "2019.03.05"]
[Round "8"]
[White "SanchezKelvin"]
[Black "MaxiAMueller"]
[Result "1/2-1/2"]
[WhiteElo "2484"]
[BlackElo "2304"]
[TimeControl "180+2"]
[EndTime "14:58:11 PST"]
[Termination "Game drawn - insufficient material"]

1. d4 d5 2. c4 dxc4 3. Nf3 Nf6 4.
Qa4+ c6 5. Qxc4 Bf5 6. Nbd2 e6 7. e3 Nbd7 8. Bd3 Bxd3 9. Qxd3 c5 10. O-O Be7 11.
b3 cxd4 12. Qxd4 Nc5 13. Ba3 Qxd4 14. Nxd4 Nce4 15. Bxe7 Nxd2 16. Rfd1 Kxe7 17. Rxd2 Rac8 18. f3 Rhd8 19. Rad1 a6 20. Kf2 g6 21. Ke2 e5 22.
Nc2 Rxd2+ 23. Rxd2 Ke6 24. e4 Ne8 25. Ne3 Nd6 26. g4 Nb5 27. Nc4 Nd4+ 28. Ke3 b5 29. Nb6 Rc3+ 30. Rd3 Rxd3+ 31. Kxd3 Nxf3 32. h3 Ng1 33. h4 h5 34. gxh5 gxh5 35. Ke3 Nh3 36. a4 Nf4 37.
Kf3 f5 38. axb5 axb5 39. b4 fxe4+ 40. Kxe4 Ng6 41. Nd5 Nxh4 42. Nc7+ Kf6 43. Nxb5 Nf5 44. Nc3 h4 45. b5 Nd6+ 46. Kf3 Kf5 47. b6 h3 48. Kg3 e4 49. Kxh3 Kf4 50. Kg2 Ke3 51. Nd5+ Kd4 52. Nf6 Kc5 53. Nxe4+ Kxb6 54. Nxd6 1/2-1/2

[Event "*** Titled Tuesday Blitz"]
[Site "Chess.com"]
[Date "2019.03.05"]
[Round "8"]
[White "Alopekos"]
[Black "SuperCheese"]
[Result "1-0"]
[WhiteElo "2465"]
[BlackElo "2617"]
[TimeControl "180+2"]
[EndTime "14:58:14 PST"]
[Termination "Alopekos won by checkmate"]

1. e4 e6 2. d4 d5 3. Nc3 Nc6 4. e5 f6 5. Bb5 fxe5 6. Qh5+ g6 7. Qxe5 Nf6 8. Nxd5 Qxd5 9. Qxf6 Qxg2 10. Qxh8 Qxh1 11.
Bh6 Qxg1+ 12. Bf1 Qg4 13. Qxf8+ Kd7 14. Qf7+ Ne7 15. Bf8 Qg5 16. Bh3 Kd6 17. Qe8 Bd7 18.
Bxe7+ Qxe7 19. Qxa8 Qh4 20. Qf8+ Kc6 21. Bg2+ Kb6 22. Qc5+ Ka6 23. Qa3+ Kb6 24. Qb4+ Ka6 25. Bf1+ b5 26. a4 Qe4+ 27. Be2 Qh1+ 28. Bf1 Qe4+ 29. Kd2 Qf4+ 30. Kc3 Qf3+ 31. Bd3 Qc6+ 32. Kd2 Qf3 33. Bxb5+ Kb7 34. Bxd7+ Ka8 35. Bc6+ Qxc6 36. Qc3 Qg2 37. Qe3 Kb8 38. Re1 Qd5 39. c3 Qb3 40. Qxe6 Qxb2+ 41. Kd3 Qxf2 42. Qe8+ Kb7 43. Qb5+ Kc8 44. Re8# 1-0

[Event "*** Titled Tuesday Blitz"]
[Site "Chess.com"]
[Date "2019.03.05"]
[Round "8"]
[White "fyall777"]
[Black "mlchen"]
[Result "1-0"]
[WhiteElo "2321"]
[BlackElo "2403"]
[TimeControl "180+2"]
[EndTime "14:58:14 PST"]
[Termination "fyall777 won by resignation"]

1. e4 e5 2. Nf3 Nc6 3. Bc4 Bc5 4. O-O Nf6 5. d3 d6 6. c3 Bb6 7. Nbd2 O-O 8. h3 h6 9. Re1 a6 10. Bb3 Be6 11. Nf1 Re8 12. Ng3 d5 13. Ba4 Bd7 14. exd5 Nxd5 15. Bxc6 Bxc6 16. Nxe5 Qd6 17. d4 Qf6 18. Bd2 Rad8 19. Qg4 Qe6 20. Nh5 Qxg4 21. hxg4 Ne7 22. Nxc6 Nxc6 23. g5 Rxe1+ 24. Rxe1 hxg5 25. Bxg5 Rd5 26. f4 f6 27. Nxf6+ gxf6 28. Bxf6 Kf7 29. Bg5 Ne7 30. Rxe7+ Kg6 31. g4 Rb5 32. b4 a5 33. a3 axb4 34. axb4 Rd5 35.
Kg2 Rd6 36. Kg3 Rc6 37. Kh4 Rf6 38. Bxf6 Kxf6 39. Rh7 Kg6 40. Rd7 c6 41. Rxb7 Bd8+ 42. Kg3 Bf6 43. Rc7 Kh6 44. g5+ Kg6 45. Rxc6 Kf5 46.
gxf6 Ke4 47. f7 Kd3 48. f8=Q Ke4 49. b5 Kd3 50. b6 Kc2 51. b7 Kd3 52. b8=Q Kc2 53. d5 Kd3 54. d6 Kc2 55. d7 Kd3 56. d8=Q+ Kc2 57. f5 Kc1 58. f6 Kc2 59. f7 Kc1 60.
Qfe8 Kc2 61. f8=Q Kc1 62. c4 Kc2 63. c5 Kc1 64. Rf6 Kc2 65. Rf3 Kc1 66. c6 Kc2 67. c7 1-0

[Event "*** Titled Tuesday Blitz"]
[Site "Chess.com"]
[Date "2019.03.05"]
[Round "8"]
[White "Jospem"]
[Black "SantoBlue"]
[Result "0-1"]
[WhiteElo "2858"]
[BlackElo "2735"]
[TimeControl "180+2"]
[EndTime "14:58:17 PST"]
[Termination "SantoBlue won by checkmate"]

1. e4 e5 2. Nf3 Nc6 3. Bb5 Nf6 4. d3 Bc5 5. c3 O-O 6. Nbd2 d5 7. O-O Bg4 8. h3 Bh5 9. b4 Be7 10. Qc2 Bd6 11. Re1 a6 12. Ba4 b5 13. Bb3 d4 14.
a3 dxc3 15. Qxc3 Qd7 16. Bb2 Rfe8 17. Rac1 Nd4 18. Nxd4 exd4 19. Qxd4 Rad8 20. e5 Bxe5 21. Qxd7 Nxd7 22. Bxe5 Nxe5 23. Rxc7 h6 24. f4 Rxd3 25. Rxe5 Rxe5 26. fxe5 Rxd2 27. e6 fxe6 28. Bxe6+ Kf8 29. Ra7 Bg6 30. Rxa6 Be4 31. g3 Rg2+ 32. Kf1 Rxg3 33. Kf2 Rc3 34. Bd7 Ke7 35. Bxb5 Rxh3 36. a4 g5 37. Be2 h5 38. Rh6 g4 39. Ke1 g3 40. Rxh5 g2 41. Kf2 Rg3 42. Re5+ Kd6 43.
Kxg3 g1=Q+ 44. Kf4 Qh2+ 45. Kxe4 Qxe5+ 46. Kd3 Qd5+ 47. Kc3 Qe5+ 48. Kb3 Qxe2 49. a5 Kc6 50. Ka4 Qa2# 0-1

[Event "*** Titled Tuesday Blitz"]
[Site "Chess.com"]
[Date "2019.03.05"]
[Round "8"]
[White "7Madman"]
[Black "Man-Chuk"]
[Result "0-1"]
[WhiteElo "2531"]
[BlackElo "2779"]
[TimeControl "180+2"]
[EndTime "14:58:22 PST"]
[Termination "Man-Chuk won by resignation"]

1. e4 c6 2. d4 d5 3. Nd2 dxe4 4. Nxe4 Bf5 5. Ng3 Bg6 6. h4 h6 7. Nf3 e6 8. h5 Bh7 9. Bd3 Bxd3 10. Qxd3 Nf6 11.
Bd2 c5 12. O-O-O Nc6 13. Qb5 Qb6 14. Qa4 cxd4 15. Rhe1 Be7 16. Ne4 O-O 17. g4 Nxe4 18.
Rxe4 Qc5 19. g5 hxg5 20. Nxd4 Nxd4 21. Qxd4 Qxd4 22. Rxd4 Rfd8 23. Bc3 Rxd4 24. Rxd4 Rd8 25. Rc4 Bd6 26. a4 Kh7 27. Bd2 Kh6 28. Rd4 Kxh5 29. c4 f5 30. Kc2 Bc7 31. Be3 a6 32. Kd3 f4 33. Rxd8 Bxd8 34. Bd4 g4 35. Ke4 g5 36. b4 Kh4 37. b5 axb5 38. axb5 g3 39. Ke5 g2 40. f3 Kg3 41. Kxe6 g4 42. fxg4 f3 43. Kd7 f2 44. Kxd8 f1=Q 0-1

[Event "*** Titled Tuesday Blitz"]
[Site "Chess.com"]
[Date "2019.03.05"]
[Round "8"]
[White "Blitzstream"]
[Black "nochewycandy"]
[Result "1-0"]
[WhiteElo "2577"]
[BlackElo "2385"]
[TimeControl "180+2"]
[EndTime "14:58:25 PST"]
[Termination "Blitzstream won by resignation"]

1. e4 g6 2. d4 Bg7 3. Nc3 d6 4.
Be3 a6 5. Qd2 b5 6. O-O-O Nd7 7.
h4 h6 8. f4 h5 9. e5 Nh6 10. Nf3 Bb7 11. Ng5 e6 12. d5 dxe5 13. dxe6 Nf6 14. exf7+ Nxf7 15. Ne6 Qxd2+ 16. Rxd2 Bh6 17.
Nxc7+ Kf8 18. Nxa8 Bxa8 19. Bd3 Kg7 20. fxe5 Bxe3 21.
exf6+ Kxf6 22. Rf1+ Kg7 23. Kd1 Bxd2 24. Kxd2 Ne5 25. Be4 Rd8+ 26. Kc1 b4 27. Bxa8 bxc3 28. Be4 cxb2+ 29. Kxb2 Rd4 30. Re1 Kf6 31. Kc3 Rd8 32. Rb1 Rd6 33. a4 Ng4 34. a5 Ke5 35. Bd3 Ne3 36.
Re1 Kf4 37. Re2 Nd5+ 38. Kc4 Nc7 39. Kc5 Rd7 40. Bxg6 Rg7 41. Bd3 Kg4 42. Kb6 Kxh4 43. Re4+ Kg3 44. Rc4 Nd5+ 45. Kxa6 Nc7+ 46. Kb6 Nd5+ 47.
Ka6 Nc7+ 48. Kb6 Nd5+ 49. Kc5 Nc7 50. Be4 Ne6+ 51. Kb6 Nf4 52. a6 1-0

[Event "*** Titled Tuesday Blitz"]
[Site "Chess.com"]
[Date "2019.03.05"]
[Round "8"]
[White "Walter_White_Poland"]
[Black "Perecke"]
[Result "0-1"]
[WhiteElo "2172"]
[BlackElo "2051"]
[TimeControl "180+2"]
[EndTime "14:58:32 PST"]
[Termination "Perecke won on time"]

1. e4 e5 2. Nf3 Nc6 3. Bb5 a6 4.
Ba4 Nf6 5. O-O Be7 6. Re1 b5 7. Bb3 d6 8. c3 O-O 9. h3 Na5 10. Bc2 c5 11. d4 Qc7 12. d5 c4 13. Be3 Nd7 14. a4 Nc5 15. Nbd2 f5 16. exf5 Bxf5 17.
Bxf5 Rxf5 18. Bxc5 Qxc5 19. Ne4 Qb6 20. axb5 axb5 21.
Qc2 Raf8 22. Rad1 Nb7 23. b3 Nc5 24. bxc4 bxc4 25. Rb1 Qc7 26. Nxc5 Qxc5 27. Rb7 Bh4 28. Re2 Rxf3 29. gxf3 Qxd5 30. Qe4 Qd1+ 31. Kg2 Bf6 32. Rd7 Rb8 33. Qxc4+ Kh8 34. Rc7 Rg8 35. Rc8 Bd8 36. Re4 d5 37. Rxd8 Rxd8 38. Qc7 dxe4 0-1

[Event "*** Titled Tuesday Blitz"]
[Site "Chess.com"]
[Date "2019.03.05"]
[Round "8"]
[White "XiaoKangZhong"]
[Black "PawnEatingZombie"]
[Result "1-0"]
[WhiteElo "2092"]
[BlackElo "2123"]
[TimeControl "180+2"]
[EndTime "14:58:32 PST"]
[Termination "XiaoKangZhong won by resignation"]

1. e4 e6 2. d4 d5 3. Nd2 c5 4. exd5 Qxd5 5. Ngf3 cxd4 6. Bc4 Qd7 7. Nb3 Nc6 8. O-O a6 9. Nbxd4 Nxd4 10. Nxd4 Qc7 11. Bb3 Bd6 12. h3 Ne7 13. Qg4 O-O 14. Nf3 Ng6 15.
Qh5 b5 16. Ng5 h6 17. Nxe6 Bxe6 18. Bxe6 Qxc2 19. Bd5 Rad8 20. Be3 Nf4 21. Bxf4 Bxf4 22. Qf3 Be5 23. Be4 Qxb2 24. Rab1 Qd4 25. Rfd1 Qc5 26.
Qf5 g6 27. Qf3 Bd4 28. Rbc1 Qd6 29. Bc2 Qf6 30. Qxf6 Bxf6 31. Bb3 Rfe8 32. Rxd8 Rxd8 33. Rc6 Kg7 34. Rxa6 b4 35. Ra7 Rf8 36. Rb7 Bc3 37. Kf1 Kf6 38. Rb5 h5 39. h4 Kg7 40. g3 f6 41. Ke2 Re8+ 42. Kf3 Re1 43. Rc5 Rc1 44. Rc7+ Kh6 45. Bg8 g5 46. Rc6 g4+ 47. Kg2 Rc2 48. Rc5 Rxa2 49. Bxa2 1-0

[Event "*** Titled Tuesday Blitz"]
[Site "Chess.com"]
[Date "2019.03.05"]
[Round "8"]
[White "Off-War"]
[Black "GM_dmitrij"]
[Result "1-0"]
[WhiteElo "2564"]
[BlackElo "2848"]
[TimeControl "180+2"]
[EndTime "14:58:34 PST"]
[Termination "Off-War won by resignation"]

1. d4 d5 2. c4 e6 3. Nc3 Bb4 4. Nf3 Nf6 5. Bg5 dxc4 6. e4 b5 7.
a4 c5 8. axb5 cxd4 9. Bxf6 Qxf6 10. Qxd4 Qxd4 11. Nxd4 Bb7 12. f3 Nd7 13. Bxc4 Rc8 14.
Nc6 Bxc6 15. bxc6 Rxc6 16. Rxa7 O-O 17. Bb5 Rb6 18. Rxd7 Rxb5 19. Ke2 Rb6 20. Rhd1 Ba5 21. Na4 Rbb8 22. R1d3 g6 23. b3 Bb4 24. f4 Rfc8 25. Kf3 Rc1 26. Rd8+ Rxd8 27. Rxd8+ Kg7 28. Rb8 Bd6 29. Rd8 Bc7 30. Rd7 Kf8 31. e5 Ke8 32. Rd4 Rb1 33. Rd3 g5 34. fxg5 Bxe5 35. h4 Rh1 36.
Kg4 Ke7 37. Nc5 Rc1 38. Ne4 Re1 39. Nc5 Bd6 40. Nb7 Bb4 41. Rd4 Bc3 42. Rc4 Be5 43. Nc5 Re3 44. Kh5 Kf8 45. Re4 Rxe4 46. Nxe4 Kg7 47.
b4 Bd4 48. b5 Bb6 49. Nf6 Bc7 50. Nd7 1-0